 Dungeon Crawl Stone Soup version 0.31.0-9-g3a7656b989 (webtiles) character file.

Game seed: 16133485048545271723

38 qw the Shooter (level 3, 0/20 HPs)
             Began as a Deep Elf Hunter on Feb 2, 2024.
             Succumbed to their own poison gas
             ... on level 2 of the Dungeon.
             The game lasted 00:00:03 (1586 turns).

qw the Shooter (Deep Elf Hunter)                    Turns: 1586, Time: 00:00:04

Health: 0/20       AC:  6    Str: 10    XL:     3   Next: 25%
Magic:  5/5        EV: 11    Int: 13    God:
Gold:   74         SH:  5    Dex: 18    Spells: 2/2 levels left

rFire   . . .        a - +1 shortbow
rCold   . . .        (shield currently unavailable)
rNeg    + . .        b - +1 ring mail
rPois   .            (no helmet)
rElec   .            (no cloak)
rCorr   .            (no gloves)
SInv    .            (no boots)
Will    .....        m - amulet of reflection
Stlth   +            h - ring of positive energy
HPRegen 0.23/turn    (no ring)
MPRegen 0.09/turn

%: reflection
@: lethally poisoned (0 -> -10)
A: no striking features
a: no special abilities


You were on level 2 of the Dungeon.
You visited 1 branch of the dungeon, and saw 2 of its levels.

You collected 74 gold pieces.


   Skills:
 - Level 1.5 Fighting
 + Level 6.8 Ranged Weapons
 - Level 2.4 Dodging
 - Level 1.2 Stealth


You had 2 spell levels left.
You didn't know any spells.
Your spell library was empty.

Inventory:

Hand Weapons
 a - a +1 shortbow (weapon)
Armour
 b - a +1 ring mail (worn)
Jewellery
 h - a ring of positive energy (left hand)
 m - an amulet of reflection (around neck)
Potions
 e - 2 potions of heal wounds
 g - a potion of cancellation {unknown}
 i - a potion of enlightenment {unknown}
 j - a potion of invisibility {unknown}

Dungeon Overview and Level Annotations

Branches:
Dungeon (2/15)

Altars:


Message History

As you read the scroll labelled CESYNI GEYTSOMUKAFF, it crumbles to dust.
A profound silence engulfs you.
It was a scroll of silence.
You start waiting.
Your hearing returns.
Done waiting.
Done exploring.
1580 ||| READING scroll labelled VIATUN TEOMN.
The air fills with toxic fumes!
As you read the scroll labelled VIATUN TEOMN, it crumbles to dust.
It was a scroll of poison.
Done exploring.
1581 ||| READING scroll labelled GOTHRI SYXUDO.
As you read the scroll labelled GOTHRI SYXUDO, it crumbles to dust.
It is a scroll of enchant armour.
1581 ||| ENCHANTING +0 ring mail.
Your +0 ring mail glows green for a moment.
Done exploring.
1582 ||| READING scroll labelled YGARPH PIABLY.
As you read the scroll labelled YGARPH PIABLY, it crumbles to dust.
It is a scroll of enchant weapon.
1582 ||| ENCHANTING +0 shortbow.
Your +0 shortbow glows red for a moment.
Done exploring.
What level of the Dungeon? (default 2, ? - help) Sorry, I don't know how to get there.
Enter note:
Enter note:
Enter note:
Enter note:
Enter note:
Enter note: You are engulfed in poison gas.
You are lethally poisoned!
You feel very sick.
1584 ||| Stepping ~*~*~tactically~*~*~ (cloud).
You feel very sick.
Things that are here:
an amulet of the acrobat; a +0 leather armour
There is a lethal amount of poison in your body!
You feel very sick.
There is a lethal amount of poison in your body!
You die...

#.......#######
#.......#.....#
#.......#.....#
###.......#..[..#
#.........#.....#
#.........'.....#
#.........#.....#
#...##+######'###
#...##¤¤¤@# #.#
#...#####0# #.# #...#
#¤###.#
########...#####¤¤.#%#
...............¤¤0..>#
##################¤#.#
#.........##¤#.# ##
#.........##¤#.# .###
#............#.#


There were no monsters in sight!

Vanquished Creatures
  An adder (D:2)
  A dart slug (D:2)
  3 endoplasms
  A giant cockroach (D:1)
  3 goblins (D:1)
  A hobgoblin (D:2)
  2 quokkas (D:1)
  2 ball pythons
  2 bats
  3 frilled lizards
  5 kobolds
  3 rats
27 creatures vanquished.

Notes
Turn   | Place    | Note
-------+----------+-------------------------------------------
     0 | D:1      | qw the Deep Elf Hunter began the quest for the Orb.
     0 | D:1      | Reached XP level 1. HP: 12/12 MP: 3/3
     0 | D:1      | 0 ||| qw: Version: 0.3-a-155-g5e7d8dd
     0 | D:1      | 0 ||| qw: Game counter: 2391
     0 | D:1      | 0 ||| qw: Melee chars always use a shield: true
     0 | D:1      | 0 ||| qw: God list: Okawaru
     0 | D:1      | 0 ||| qw: Allow faded altars: false
     0 | D:1      | 0 ||| qw: Do Orc after clearing Dungeon:15 true
     0 | D:1      | 0 ||| qw: Do second Lair branch before Depths: true
     0 | D:1      | 0 ||| qw: Lair rune preference: random
     0 | D:1      | 0 ||| qw: Goals: Normal
     0 | D:1      | 0 ||| PLANNING D:1-11
    78 | D:1      | Found a faded altar of an unknown god.
   158 | D:1      | Reached XP level 2. HP: 16/16 MP: 4/4
   213 | D:1      | Reached skill level 6 in Ranged Weapons
   767 | D:1      | 767 ||| UPGRADING to ring of positive energy.
   768 | D:1      | 768 ||| READING scroll labelled TACHIU EPHO.
   769 | D:1      | 769 ||| READING scroll labelled TEQEBE HOUC.
   770 | D:1      | 770 ||| READING scroll labelled SODWOJOPSO.
   773 | D:1      | 773 ||| READING scroll labelled FEORIS QILE.
   774 | D:1      | 774 ||| DRINKING 3 sedimented coppery potions.
   775 | D:1      | 775 ||| DROPPING scroll of butterflies.
  1187 | D:2      | Reached XP level 3. HP: 8/20 MP: 5/5
  1190 | D:2      | HP: 5/20 [poisoned by an adder]
  1462 | D:2      | 1462 ||| UPGRADING to +0 ring mail.
  1472 | D:2      | 1472 ||| DROPPING +0 leather armour.
  1473 | D:2      | 1473 ||| UPGRADING to amulet of reflection.
  1478 | D:2      | 1478 ||| DROPPING amulet of the acrobat.
  1479 | D:2      | 1479 ||| READING scroll labelled CESYNI GEYTSOMUKAFF.
  1580 | D:2      | 1580 ||| READING scroll labelled VIATUN TEOMN.
  1581 | D:2      | 1581 ||| READING scroll labelled GOTHRI SYXUDO.
  1581 | D:2      | 1581 ||| ENCHANTING +0 ring mail.
  1582 | D:2      | 1582 ||| READING scroll labelled YGARPH PIABLY.
  1582 | D:2      | 1582 ||| ENCHANTING +0 shortbow.
  1584 | D:2      | 1584 ||| Stepping ~*~*~tactically~*~*~ (cloud).
  1584 | D:2      | HP: 4/20 [poisoned by you (poison gas)]
  1585 | D:2      | HP: 1/20 [poisoned by you (poison gas)]
  1586 | D:2      | Succumbed to their own poison gas

Levels and vault maps discovered:
D:1:      lightli_arrival_farm, layout_basic,
          ebering_ecumenical_altar_sacrificial
D:2:      layout_basic

Skill      XL: |  1  2 |
---------------+-------+-----
Ranged Weapons | 6 |  6.8
Fighting       | |  1.5
Dodging        | |  2.4
Stealth        | |  1.2

Action                     || total
---------------------------++-------
   Fire: Shortbow          ||    61
    Use: Scroll            ||     8
         Potion            ||     1
 Armour: Leather armour    ||     8
  Dodge: Dodged            ||    11

Table legend:
 A = Non-vault XP
 B = Vault XP
 C = Vault XP percentage of total XP
 D = Non-vault monster count
 E = Vault monster count
 F = Vault count percentage of total count
                 A         B        C        D         E       F
            +---------+---------+-------+---------+---------+-------
      Total |      55 |       0 |   0.0 |      27 |       0 |   0.0
            +---------+---------+-------+---------+---------+-------
        D:1 |      23 |       0 |   0.0 |      15 |       0 |   0.0
        D:2 |      32 |       0 |   0.0 |      12 |       0 |   0.0
            +---------+---------+-------+---------+---------+-------
